AoeStats
← ivcrk826

Nomad

507993349Analyzed
2v2 RM · 11d ago on Sep 20, 2026· 53m 26s· 4 players
Game mode
Random Map
Map size
176×176
Population
200
Speed
Normal
Resources
Standard
Victory
Conquest
Starting age
Dark Age
Ending age
Imperial Age
RankedLock teamsTeams togetherTeam positionsShared explorationLock speedFull tech treeHidden civsTurbo modeCheats
Victory
Defeat
🇦🇷 Magyars · Argentina
1434
+14
🇺🇦 Japanese · Ukraine
1357
+18
🇩🇪 Mapuche · Germany
1397
-16
🇩🇪 Spanish · Germany
1395
-16
bewoms
3:12 Loom
13:17 Feudal Age
21:03 Castle Age
20:02 Double-Bit Axe
20:54 Fletching
22:18 Bodkin Arrow
22:23 Padded Archer Armor
29:16 Bow Saw
28:46 Horse Collar
41:11 Imperial Age
39:13 Gold Mining
40:52 Masonry
43:10 Leather Archer Armor
42:38 Elite Skirmisher
48:39 Ballistics
Bummskopp7689
3:28 Loom
13:13 Feudal Age
20:21 Castle Age
21:42 Medium Warships
31:21 Gold Mining
31:21 Stone Mining
31:24 Double-Bit Axe
32:16 Wheelbarrow
33:33 Careening
36:38 Imperial Age
35:37 Scale Barding Armor
35:42 Forging
35:52 Bloodlines
37:59 Chain Barding Armor
38:12 Cavalier
51:23 Horse Collar
52:03 Fletching
52:14 Padded Archer Armor
53:16 Plate Barding Armor
ivcrk826
3:51 Loom
14:36 Feudal Age
16:44 Fletching
23:50 Gold Mining
26:25 Castle Age
26:44 Double-Bit Axe
27:29 Medium Warships
27:37 Bow Saw
27:38 Bodkin Arrow
27:29 Horse Collar
33:57 Town Watch
40:52 Pikeman
53:17 Imperial Age
52:50 Thumb Ring
53:34 Husbandry
53:45 Bloodlines
Mugen
4:35 Loom
14:42 Feudal Age
19:44 Castle Age
17:56 Double-Bit Axe
18:59 Scale Mail Armor
21:40 Fletching
24:28 Fishing Lines
28:04 Wheelbarrow
27:38 Crossbowman
28:57 Bodkin Arrow
29:51 Bow Saw
31:01 Thumb Ring
39:08 Imperial Age
37:45 Hand Cart
39:04 Ballistics
38:55 Padded Archer Armor
40:14 Conscription
40:16 Bracer
40:49 Arbalester
43:04 Horse Collar
45:32 Leather Archer Armor
45:06 Town Watch
45:23 Heavy Plow
47:23 Chain Mail Armor
49:25 Ring Archer Armor
49:06 Forging
51:41 Plate Mail Armor
51:07 Gold Mining
52:22 Two-Man Saw
54:35 Iron Casting
Connection lost

Rejoining the realm…

Still unreachable

The connection could not be restored.

Session expired

The server has moved on; the page needs a fresh start.